 Dungeon Crawl Stone Soup version 0.22.0 (webtiles) character file.

456 Blackhawk the Digger (level 7, 0/46 HPs)
             Began as a Formicid Earth Elementalist on Oct 21, 2018.
             Was an Initiate of Vehumet.
             Slain by an orc priest (4 damage)
             ... on level 5 of the Dungeon.
             The game lasted 00:10:47 (3181 turns).

Blackhawk the Digger (Formicid Earth Elementalist)  Turns: 3181, Time: 00:10:48

Health: 0/46       AC:  4    Str: 13    XL:     7   Next: 27%
Magic:  0/12       EV: 13    Int: 16    God:    Vehumet [......]
Gold:   203        SH:  0    Dex: 11    Spells: 12/13 levels left

rFire    . . .     SeeInvis +   k - +3 mace (holy)
rCold    . . .     Gourm    .   (no shield)
rNeg     . . .     Faith    .   c - +1 robe
rPois    .         Spirit   .   (helmet unavailable)
rElec    .         Reflect  .   r - +0 cloak
rCorr    .         Harm     .   (no gloves)
MR       .....                  (no boots)
Stlth    +++.......             (no amulet)
HPRegen  0.15/turn              j - ring of see invisible
MPRegen  0.13/turn              (no ring)

@: no status effects
A: permanent stasis, dig shafts and tunnels, four strong arms, antennae 3
a: Dig, Shaft Self, Renounce Religion


You were on level 5 of the Dungeon.
You worshipped Vehumet.
Vehumet was noncommittal.
You were hungry.

You visited 1 branch of the dungeon, and saw 5 of its levels.

You collected 203 gold pieces.

Inventory:

Hand Weapons
 k - a +3 mace of holy wrath (weapon)
 s - a +0 club
Missiles
 b - 68 stones (quivered)
 g - 7 tomahawks
Armour
 c - a +1 robe (worn)
 r - a +0 cloak (worn)
Jewellery
 j - a ring of see invisible (left hand)
 p - an uncursed ring of see invisible
 t - an uncursed ring of resist corrosion {unknown}
Wands
 q - a wand of paralysis (2)
Scrolls
 a - a scroll of enchant weapon
 m - a scroll of enchant armour
Potions
 e - 2 potions of heal wounds {unknown}
 f - a potion of agility {unknown}
 i - 4 potions of lignification {unknown}
 l - a potion of haste {unknown}
 n - 2 potions of curing {unknown}
 o - 3 potions of flight {unknown}
Comestibles
 d - 8 rations


   Skills:
 + Level 2.5 Maces & Flails
 + Level 3.3 Dodging
 + Level 4.8 Stealth
 + Level 3.9 Spellcasting
   Level 1.1 Transmutations
 + Level 5.2 Earth Magic


You had 12 spell levels left.
You knew the following spells:

 Your Spells              Type           Power        Failure   Level  Hunger
a - Sandblast             Erth           ###...       1%          1    None

Your spell library contained the following spells:

 Spells                   Type           Power        Failure   Level  Hunger
 Stone Arrow              Conj/Erth      ##....       17%         3    ###....
 Passwall                 Tmut/Erth      ##......     7%          2    ##.....
 Lee's Rapid Deconstruct  Erth           ###.......   50%         5    ######.
 Petrify                  Tmut/Erth      ##......     43%         4    ####...


Dungeon Overview and Level Annotations

Branches:
Dungeon (5/15)
 Temple: D:4-7

Altars:
Fedhas
Kikubaaqudgha
Vehumet
Zin
The Shining One

Shops:
D:4 ?


Innate Abilities, Weirdness & Mutations

You cannot be hasted, slowed, berserked, paralysed or teleported.
You can dig through walls and to a lower floor.
Your four strong arms can wield two-handed weapons with a shield.
You have a pair of large antennae on your head. (SInv)


Message History

The water moccasin skeleton bites you.
* * * LOW HITPOINT WARNING * * *
You hit the water moccasin skeleton.
You destroy the water moccasin skeleton!
Vehumet accepts your kill.
Casting: Sandblast (safe; 1% risk of failure)
Confirm with . or Enter, or press ? or * to list all spells.
Aiming: Sandblast (safe; 1% risk of failure)
Press: ? - help, Shift-Dir - straight line, f - orc priest
Aim: an orc priest The blast of sand hits the orc priest.
The orc priest is severely wounded.
b - 68 stones The orc priest barely misses you.
You barely miss the orc priest.
The orc priest is severely wounded.
The orc priest hits you.
* * * LOW HITPOINT WARNING * * *
The orc priest hits you.
You die...

# #### #..
###+###o#
#######.....#@#
####)............#
.....#####.....###
###### ###'### #
#...# # #§.§#
#...# #§.§# #._.#


You could see an orc priest.

Vanquished Creatures
  A bullfrog (D:5)
  A water moccasin skeleton (D:5)
  A scorpion (D:4)
  2 hounds (D:3)
  A centaur skeleton (D:4)
  Ijyb (D:4)
  A worker ant (D:5)
  8 adders
  A gnoll (D:3)
  A shadow imp (D:5)
  An ooze (D:2)
  An adder skeleton (D:5)
  3 worms
  A leopard gecko (D:2)
  3 orcs
  13 hobgoblins
  7 kobolds
  A quokka (D:2)
  7 bats
  6 frilled lizards
  8 goblins
  2 rats (D:1)
71 creatures vanquished.

Notes
Turn   | Place    | Note
-------+----------+-------------------------------------------
     0 | D:1      | Blackhawk the Formicid Earth Elementalist began the quest for the Orb.
     0 | D:1      | Reached XP level 1. HP: 13/13 MP: 3/3
   278 | D:1      | Reached XP level 2. HP: 14/19 MP: 1/5
   641 | D:1      | Reached XP level 3. HP: 24/24 MP: 4/6
   841 | D:1      | Reached skill level 4 in Earth Magic
   999 | D:2      | Reached XP level 4. HP: 26/30 MP: 6/8
  1224 | D:2      | Found a blossoming altar of Fedhas.
  1532 | D:2      | Reached skill level 1 in Maces & Flails
  1940 | D:3      | Reached XP level 5. HP: 35/35 MP: 9/9
  2518 | D:4      | Found a radiant altar of Vehumet.
  2524 | D:4      | Found a glowing silver altar of Zin.
  2524 | D:4      | Found an ancient bone altar of Kikubaaqudgha.
  2527 | D:4      | Became a worshipper of Vehumet
  2531 | D:4      | Reached XP level 6. HP: 41/41 MP: 8/11
  2834 | D:4      | Noticed Ijyb
  2837 | D:4      | Found Godghunaa's Magic Scroll Shoppe.
  2868 | D:4      | Killed Ijyb
  3087 | D:5      | Entered Level 5 of the Dungeon
  3144 | D:5      | Found a glowing golden altar of the Shining One.
  3167 | D:5      | Reached skill level 5 in Earth Magic
  3171 | D:5      | Reached XP level 7. HP: 22/46 MP: 5/12
  3181 | D:5      | Slain by an orc priest

Skill      XL: |  1  2  3  4  5  6 |
---------------+-------------------+-----
Dodging        | 2 3 |  3.3
Stealth        | 3 4 |  4.8
Earth Magic    | 4 5 |  5.2
Maces & Flails | 1 2 |  2.5
Spellcasting   | 3 |  3.9
Transmutations | |  1.1

Action                   |  1- 3 |  4- 6 |  7- 9 || total
-------------------------+-------+-------+-------++-------
Melee: Unarmed           |    50 |       |       ||    50
       Mace              |    19 |    66 |     4 ||    89
 Cast: Sandblast         |    19 |    55 |     7 ||    81
  Use: Scroll            |     3 |     5 |       ||     8
 Stab: Sleeping          |     3 |     6 |       ||     9
  Eat: Chunk             |     1 |     6 |       ||     7
Armor: Robe              |    19 |    12 |     1 ||    32
Dodge: Dodged            |    67 |    42 |     7 ||   116
